 Dungeon Crawl Stone Soup version 0.19-a0-805-g0a78ef0 (webtiles) character file.

100 Stormbringer the Insei (level 4, -1/35 HPs)
             Began as a Mummy Monk on June 27, 2016.
             Slain by an ice beast (3 damage)
             ... on level 2 of the Dungeon.
             The game lasted 00:07:58 (4711 turns).

Stormbringer the Insei (Mummy Monk)                 Turns: 4711, Time: 00:07:59

Health: -1/35      AC:  0    Str: 14    XL:     4   Next: 46%
Magic:  4/4        EV:  8    Int:  9    God:
Gold:   183        SH:  0    Dex: 15    Spells: 0 memorised, 3 levels left

rFire  x . .     SeeInvis .       - Unarmed
rCold  + . .     Gourm    .     (no armour)
rNeg   + + +     Faith    .     (no shield)
rPois  ∞         Spirit   .     (no helmet)
rElec  .         Dismiss  .     (no cloak)
rCorr  .         Reflect  .     (no gloves)
SustAt .         Harm     .     (no boots)
MR     .....                    (no amulet)
Stlth  ++........               h - ring of flight
                                (no ring)

@: not resistant to hostile enchantments, unstealthy
A: no food or potions, fire vulnerability, cold resistance 1, negative energy
resistance 3, torment resistance, unbreathing
a: Evoke Flight


You were on level 2 of the Dungeon.
You were not hungry.

You visited 1 branch of the dungeon, and saw 3 of its levels.

You collected 183 gold pieces.


Innate Abilities, Weirdness & Mutations

You do not eat or drink.
Your flesh is vulnerable to fire.
You are immune to poison.
Your flesh is cold resistant. (rC+)
You are immune to negative energy. (rN+++)
You are immune to unholy pain and torment.
You can survive without breathing.


   Skills:
 - Level 3.1 Fighting
 + Level 2.8 Dodging
 - Level 1.6 Stealth
 - Level 4.0 Unarmed Combat


You had 3 spell levels left.
You didn't know any spells.

Inventory:

Jewellery
 h - a ring of flight (right hand)
Scrolls
 a - a scroll of amnesia {unknown}
 b - 2 scrolls of teleportation {unknown}
 c - a scroll of magic mapping {unknown}
 d - a scroll of blinking {unknown}
 e - 3 scrolls of identify {unknown}
 f - 2 scrolls of fear {unknown}
 g - a scroll of remove curse {unknown}

Dungeon Overview and Level Annotations

Branches:
Dungeon (3/15)

Altars:
Qazlal

▒▒..........▒▒.▒%▒▒.............▒
▒▒..........▒▒.▒.▒▒.............▒
▒▒..........▒▒...▒▒.....<.......▒
▒▒.[........▒▒▒..▒▒....)...▒▒▒▒▒▒
▒..........▒ ▒..▒▒............▒
▒..........▒ ▒▒>..........▒▒▒.▒
▒..........▒ ▒▒▒▒........▒ ▒.▒
▒▒▒▒▒▒▒▒▒▒▒▒ ▒▒▒▒▒'▒▒▒▒▒.▒▒▒.▒▒
▒MY.........▒▒....
▒▒▒▒▒.▒▒▒▒▒▒▒▒▒▒▒▒ ▒.............
▒▒▒▒▒▒▒▒▒▒▒▒▒▒


You could see an ice beast.


Message History

The ice beast closely misses you!
You squash the ice beast like an ant!
The ice beast is lightly wounded!
The ice beast hits you! The ice beast freezes you! You resist!
You pound the ice beast into fine dust!
The ice beast is moderately wounded!
The ice beast barely misses you!
You barely miss the ice beast!
The ice beast is moderately wounded!
The ice beast barely misses you!
You pound the ice beast into fine dust!
The ice beast is moderately wounded!
The ice beast closely misses you!
You pummel the ice beast but do no damage!
The ice beast is moderately wounded!
The ice beast hits you! * * * don't die
* * * The ice beast freezes you!
You resist! * * * don't die
* * *
There is a stone staircase leading down here!
The ice beast hits you! * * * don't die
* * * The ice beast freezes you!
You resist! * * * don't die
* * * You climb downwards!
There is a stone staircase leading up here!
The ice beast hits you! * * * don't die
* * * The ice beast freezes you!
You resist! rip

Action                   |  1- 3 |  4- 6 || total
-------------------------+-------+-------++-------
Melee: Unarmed           |   226 |    85 ||   311
       Punch             |     3 |       ||     3
 Stab: Sleeping          |     4 |       ||     4
Armor: Robe              |     1 |       ||     1
Dodge: Dodged            |   137 |    47 ||   184

Vault maps used:
D:1:      matt_arrival_refuge, st_stairs_3, fountainhead
D:2:      lemuel_doored_altar, first_bread
D:3:      yredelemnul_forgotten_temple_becter, feat_on_display,
          uniq_crazy_yiuf_cottage

Notes
Turn   | Place    | Note
--------------------------------------------------------------
     0 | D:1      | Stormbringer the Mummy Monk began the quest for the Orb.
     0 | D:1      | Reached XP level 1. HP: 18/18 MP: 1/1
   130 | D:1      | Reached XP level 2. HP: 11/24 MP: 2/2
   581 | D:1      | Reached skill level 3 in Unarmed Combat
  1200 | D:1      | Reached XP level 3. HP: 17/29 MP: 3/3
  1906 | D:2      | Found a stormy altar of Qazlal.
  3332 | D:2      | Reached skill level 4 in Unarmed Combat
  3332 | D:2      | Reached XP level 4. HP: 23/35 MP: 4/4
  3656 | D:3      | HP: 2/35 [worm (10)]
  4378 | D:3      | Noticed an ice beast
  4711 | D:2      | HP: 2/35 [ice beast (4)]
  4711 | D:2      | Slain by an ice beast

Vanquished Creatures
  2 adders (D:2)
  2 oozes (D:1)
  4 worms
  2 giant geckos (D:1)
  2 ball pythons (D:1)
  2 giant cockroaches (D:1)
  10 goblins
  4 hobgoblins
  6 jackals
  7 bats
  6 giant newts
  6 kobolds
  6 rats
59 creatures vanquished.
